 Dungeon Crawl Stone Soup version 0.30-a0-39-g42789b21ef (webtiles) character file.

Game seed: 10054870146873823855

3652 ytrimaz the Nimble (level 10, 0/87 HPs)
             Began as an Octopode Transmuter on Aug 28, 2022.
             Was an Initiate of Ashenzari.
             Slain by an orc
             ... wielding a +0 hand axe
              (3 damage)
             ... in a bailey.
             The game lasted 00:12:50 (9454 turns).

ytrimaz the Nimble (Octopode Transmuter)            Turns: 9454, Time: 00:12:51

Health: 0/87       AC: 25    Str: 10    XL:     10   Next: 12%
Magic:  13/13      EV:  2    Int: 20    God:    Ashenzari [......]
Gold:   387        SH:  0    Dex: 12    Spells: 4/13 levels left

rFire   + . .      SeeInvis .      - Unarmed
rCold   . . .      Faith    .    (no shield)
rNeg    . . .      Spirit   .    (helmet currently unavailable)
rPois   +          Reflect  .    a - amulet of magic regeneration
rElec   .          Harm     .    j - +4 ring of evasion
rCorr   .          Rampage  .    u - ring of Toth-Mos's Legacy {rF+, Bglg, Cun} (curse)
Will    .....      NoTele   +    (no ring)
Stlth   +.........               (no ring)
HPRegen 0.24/turn                (no ring)
MPRegen 0.53/turn                (no ring)
                                 (no ring)
                                 (no ring)

@: confused, tree-form, ambrosia-drunk, wereblooded, very slightly contaminated
A: stationary, stasis, torment immunity, boosted hp, almost no armour,
(amphibious), 8 rings, (camouflage 1), (gelatinous body 1), (nimble swimmer 1),
(tentacles)
a: Renounce Religion, Shatter the Chains


You were in a bailey.
You worshipped Ashenzari.
Ashenzari was noncommittal.
You were a tree.
You visited 2 branches of the dungeon, and saw 9 of its levels.
You also visited: Ossuary and Bailey.

You collected 387 gold pieces.

Inventory:

Armour
 k - a +0 hat (melded)
Jewellery
 a - an amulet of magic regeneration (around neck)
 j - a +4 ring of evasion (left branch)
 t - a ring of fire
 u - the cursed ring of Toth-Mos's Legacy (right branch) {rF+, Bglg, Cun}
   (You found it on level 4 of the Dungeon)

   [ring of protection from fire]

   rF:        It protects you from fire.
   It has a curse which improves the following skills: Beguiling: Conjurations,
   Hexes and Translocations.
   Cunning:   Dodging and Stealth.
 v - a ring of fire
Scrolls
 c - a scroll of enchant armour
 e - a scroll of noise
 f - 4 scrolls of teleportation
 l - 2 scrolls of fear
 o - a scroll of enchant weapon
 w - a scroll of identify
 x - a scroll of silence
 y - a scroll of amnesia
Potions
 g - 2 potions of flight
 m - 3 potions of might {unknown}
 n - 4 potions of attraction {unknown}
 p - 5 potions of brilliance {unknown}
 q - a potion of resistance
 r - a potion of mutation {unknown}
 s - 2 potions of haste {unknown}


   Skills:
 - Level 1.0 Fighting
 + Level 9.3(9.7) Dodging
 - Level 4.2 Unarmed Combat
 - Level 2.0 Spellcasting
 + Level 9.3 Transmutations
 - Level 4.0 Ice Magic
 - Level 4.0 Poison Magic


You had 4 spell levels left.
You knew the following spells:

 Your Spells              Type           Power      Damage    Failure   Level
a - Ice Form              Ice/Tmut       28%        N/A       11%         4
b - Wereblood             Tmut           39%        N/A       1%          2
c - Spider Form           Tmut/Pois      28%        N/A       3%          3

Your spell library contained the following spells:

 Spells                   Type           Power      Damage    Failure   Level
 Beastly Appendage        Tmut           78%        N/A       1%          1
 Freeze                   Ice            72%        1d9       3%          1
 Frozen Ramparts          Ice            36%        1d6       9%          3
 Sublimation of Blood     Necr           2%         N/A       24%         2
 Hailstorm                Conj/Ice       10%        3d5       56%         4
 Summon Ice Beast         Ice/Summ       10%        N/A       56%         4
 Summon Hydra             Summ           1%         N/A       100%        7


Dungeon Overview and Level Annotations

Branches:
Dungeon (8/15)             Temple (1/1) D:6         Ossuary (visited)
 Bailey (1/1)
   Lair: D:8-11

Altars:
Ashenzari
Cheibriados
Dithmenos
Elyvilon
Fedhas
Gozag
Hepliaklqana
Kikubaaqudgha
Makhleb
Nemelex Xobeh
Qazlal
Ru
Sif Muna
Trog
Uskayaw
Vehumet
Xom
Yredelemnul
Zin
The Shining One

Annotations:
D:7 1 runed translucent door, Crazy Yiuf, Maggie


Innate Abilities, Weirdness & Mutations

You are a tree.
Your roots penetrate the ground, keeping you stationary.
You cannot be teleported.
You are immune to unholy pain and torment.
Your maximum health is greatly increased.
You cannot wear most types of armour.
((You are amphibious.))
You can wear up to eight rings at the same time.
((Your skin changes colour to match your surroundings (Stealth+).))
((Your rubbery body absorbs attacks. (AC +1, EV +1)))
((You are camouflaged when in or above water. (Stealth+)))
((You have tentacles for arms and can constrict up to eight enemies at once.))


Message History

You barely miss the human.
The human is lightly wounded.
The goblin misses you.
The human hits you with a +2 vorpal hand axe!
You completely miss the human.
The human is lightly wounded.
The goblin hits you but does no damage.
The human hits you with a +2 vorpal hand axe.
* * * LOW HITPOINT WARNING * * *
x2 You hit the goblin.
You freeze the goblin.
You feel a bit better.
You kill the goblin!
You hear a splash. x2
The human hits you with a +2 vorpal hand axe.
* * * LOW HITPOINT WARNING * * *
x2 Unknown command.
Really quaff the potion of lignification?
You warm up again.
Your +0 hat unmelds from your body.
You turn into a tree.
Your +0 hat melds into your body.
Your roots penetrate the ground.
The human hits you with a +2 vorpal hand axe.
* * * LOW HITPOINT WARNING * * *
x2 Unknown command.
You barely miss the human.
The human is lightly wounded.
The human splashes around in the water.
You hit the human but do no damage.
The human is lightly wounded.
The orc completely misses you.
The human hits you with a +2 vorpal hand axe.
* * * LOW HITPOINT WARNING * * *
x2 You closely miss the human.
The human is lightly wounded.
The orc hits you but does no damage.
Unknown command.
You are confused.
You feel invigorated.
The human hits you with a +2 vorpal hand axe.
* * * LOW HITPOINT WARNING * * *
x2 The orc hits you with a +0 hand axe.
You die...

#.....# .....
#### ... +..#
##'####..#
##~~~##...#
#~~~~~#...# #
#~~~~~#...## ..#
#~~~op#....#....#
##~~#♣#)#......#
####..)##....##
#.....######
#.∩.∩.# #.....#
##...## #####


You could see a human and an orc.

Vanquished Creatures
  Prince Ribbit (D:7)
  5 humans (Bailey)
  2 steam dragons
  Menkaure (D:5)
  Edmund (D:4)
  A water moccasin (D:7)
  An ice beast (D:4)
  A centaur (D:5)
  3 ogres
  2 bullfrogs
  A kobold brigand (D:6)
  2 phantoms
  6 scorpions
  2 elf skeletons (D:4)
  A necrophage (D:7)
  The ghost of QueenGhuleh the Chopper, a weakling MiCK of Xom (D:4)
  A human zombie (D:4)
  A jelly (D:4)
  2 hounds (D:6)
  A gnoll bouda (D:6)
  A water moccasin simulacrum (D:4)
  2 human skeletons (D:4)
  A scorpion zombie (D:4)
  2 iguanas
  5 orc wizards
  A scorpion simulacrum (D:4)
  3 mummies (Ossuary)
  16 adders
  3 gnolls (D:6)
  A river rat (D:6)
  3 white imps
  3 adder zombies
  3 worms
  2 dart slugs
  3 adder simulacra (D:4)
  16 orcs
  4 bats
  5 endoplasms
  6 giant cockroaches
  6 goblins
  12 hobgoblins
  4 jackals (D:2)
  A quokka (D:3)
  12 ball pythons
  7 frilled lizards
  3 goblin zombies (Ossuary)
  2 hobgoblin zombies (Ossuary)
  8 kobolds
  A kobold zombie (Ossuary)
  An orc skeleton (D:4)
  3 quokka zombies (Ossuary)
  5 rats
  7 rat zombies (Ossuary)
188 creatures vanquished.

Vanquished Creatures (others)
  A shadow imp (D:7)
1 creature vanquished.

Grand Total: 189 creatures vanquished

Notes
Turn   | Place    | Note
-------+----------+-------------------------------------------
     0 | D:1      | ytrimaz the Octopode Transmuter began the quest for the
                  | Orb.
     0 | D:1      | Reached XP level 1. HP: 13/13 MP: 3/3
   413 | D:1      | Reached XP level 2. HP: 10/18 MP: 3/5
   982 | D:1      | Found a faded altar of an unknown god.
  1643 | D:2      | Reached XP level 3. HP: 17/23 MP: 4/6
  1649 | D:2      | Learned a level 2 spell: Wereblood
  1653 | D:2      | Learned a level 3 spell: Spider Form
  1825 | D:2      | Reached skill level 1 in Poison Magic
  2186 | D:2      | Reached XP level 4. HP: 28/28 MP: 5/7
  3434 | D:3      | Found a glowing golden altar of the Shining One.
  3472 | D:3      | Reached XP level 5. HP: 27/33 MP: 8/8
  3721 | D:4      | Noticed an ice beast
  3738 | D:4      | Killed an ice beast
  3929 | D:4      | Noticed QueenGhuleh's ghost (weakling MiCK)
  4007 | D:4      | Noticed Edmund
  4029 | D:4      | Killed Edmund
  4030 | D:4      | Reached XP level 6. HP: 25/38 MP: 9/9
  4048 | D:4      | Found a sand-covered staircase.
  4070 | Ossuary  | Entered an ossuary
  4121 | Ossuary  | Reached XP level 7. HP: 25/43 MP: 10/10
  4632 | D:4      | You fall into a shaft and drop 2 floors!
  4649 | D:5      | Entered Level 5 of the Dungeon
  4667 | D:5      | Reached skill level 5 in Dodging
  4667 | D:5      | Reached skill level 5 in Transmutations
  4879 | D:5      | Reached XP level 8. HP: 38/48 MP: 11/11
  5272 | D:4      | Found a runed translucent gate.
  5272 | D:4      | Found a runed translucent gate.
  5272 | D:4      | Found a runed translucent gate.
  5625 | D:4      | Learned a level 4 spell: Ice Form
  6450 | D:4      | Found a basalt altar of Yredelemnul.
  6545 | D:4      | Reached skill level 1 in Ice Magic
  6550 | D:4      | Killed QueenGhuleh's ghost
  6800 | D:5      | Noticed Menkaure
  6809 | D:5      | Killed Menkaure
  6858 | D:5      | Found a glowing silver altar of Zin.
  6910 | D:6      | Found a shimmering blue altar of Sif Muna.
  6929 | D:6      | Reached XP level 9. HP: 53/53 MP: 12/12
  7441 | D:6      | Found a staircase to the Ecumenical Temple.
  7455 | Temple   | Entered the Ecumenical Temple
  7543 | Temple   | Became a worshipper of Ashenzari the Shackled
  7694 | D:6      | Found a shimmering altar of Xom.
  7878 | D:6      | Noticed a +0 spear
  7879 | D:6      | Noticed a +0 dagger
  7879 | D:6      | Noticed a +0 dagger
  7879 | D:6      | Noticed a +0 spear
  7883 | D:6      | Noticed a +0 falchion
  7883 | D:6      | Noticed a +0 short sword
  7883 | D:6      | Noticed a +0 falchion
  7883 | D:6      | Noticed a +0 short sword
  7912 | D:6      | Found a hide-covered altar of Uskayaw.
  8220 | D:7      | Noticed Maggie
  8412 | D:7      | Found an opulent altar of Gozag.
  8603 | D:7      | Noticed Prince Ribbit
  8617 | D:7      | Killed Prince Ribbit
  8765 | D:7      | Found a runed translucent door.
  8766 | D:7      | Noticed Crazy Yiuf
  8789 | D:7      | Found a burning altar of Makhleb.
  8793 | D:7      | Found a bloodstained altar of Trog.
  8798 | D:7      | Found a sparkling altar of Nemelex Xobeh.
  8801 | D:7      | Found an ancient bone altar of Kikubaaqudgha.
  8804 | D:7      | Found a hazy altar of Hepliaklqana.
  9031 | D:7      | Found a sacrificial altar of Ru.
  9337 | D:8      | Found a flagged portal.
  9345 | Bailey   | Entered a bailey
  9379 | Bailey   | Reached XP level 10. HP: 33/58 MP: 13/13
  9454 | Bailey   | HP: 3/87 [human/+2 vorpal hand axe (2)]
  9454 | Bailey   | Slain by an orc

Illustrated notes

Levels and vault maps discovered:
D:1:      lemuel_arrival_tunnels, layout_basic,
          shapermc_ecumenical_altar_totnotflames
D:2:      layout_basic, minmay_pentomino_pile
D:3:      layout_basic, mainiacjoe_overflow_boulevard, minmay_misc_feat_hallway,
          minivault_24
D:4:      minmay_thinvault, layout_loops_corners,
          lemuel_zombie_altar_yredelemnul, gammafunk_ghost_icy,
          nicolae_ossuary_entry_catacombs, uniq_edmund
D:5:      layout_rooms, zin_statuary, uniq_menkaure
D:6:      layout_rooms, xom_butterflies, nicolae_uskayaw_en_pointe,
          mainiacjoe_overflow_paths, minmay_temple_entry_junction,
          lightli_sewer_entry_pipes, dk_vineyard_1,
          nicolae_elevator_lobby_asterisk
D:7:      layout_rooms, nicolae_overflow_hallway_of_the_gods,
          old_standard_altar, uniq_prince_ribbit1, uniq_maggie,
          uniq_crazy_yiuf_cottage
D:8:      layout_rooms, mainiacjoe_overflow_alcove_4, enter_bailey_2,
          hangedman_decor_clover_reticule, nicolae_shop_fire_sale
          [nicolae_sub_dead_trees]
Temple:   nicolae_temple_superstar
Bailey:   bailey_axe_froggy_fort_hellmonk, bailey

Skill      XL: |  1  2  3  4  5  6  7  8  9 |
---------------+----------------------------+-----
Unarmed Combat | 4 |  4.2
Poison Magic   | 1 2 4 |  4.0
Dodging        | 3 4 5 6 9 |  9.3
Transmutations | 3 4 5 7 9 |  9.3
Ice Magic      | 3 4 |  4.0
Fighting       | |  1.0
Spellcasting   | |  2.0

Action                   |  1- 3 |  4- 6 |  7- 9 | 10-12 || total
-------------------------+-------+-------+-------+-------++-------
Melee: Unarmed           |    76 |   155 |   416 |    34 ||   681
       Kick              |    15 |    14 |     4 |       ||    33
       Constrict         |    14 |    18 |     5 |     1 ||    38
       Punch             |     2 |       |     2 |       ||     4
       Tentacles         |     7 |    16 |    13 |     1 ||    37
 Cast: Beastly Appendage |    17 |    11 |     2 |       ||    30
       Spider Form       |     1 |     7 |    34 |       ||    42
       Wereblood         |       |     1 |     6 |     2 ||     9
       Ice Form          |       |       |    12 |     1 ||    13
Invok: Curse Item        |       |       |     1 |       ||     1
  Use: Scroll            |     5 |     5 |     5 |       ||    15
       Potion            |     1 |     6 |       |     5 ||    12
 Stab: Sleeping          |     6 |     6 |     3 |       ||    15
       Invisible         |       |     8 |       |     1 ||     9
Armor: Skin              |    21 |     4 |    42 |     8 ||    75
Dodge: Dodged            |    46 |   143 |   398 |    35 ||   622

Table legend: (Time is in decaauts)
 A = Elapsed time spent in this place.
 B = Non-inter-level travel time spent in this place.
 C = Inter-level travel time spent in this place.
 D = Time resting spent in this place.
 E = Time spent auto-exploring this place.
 F = Levels seen in this place.
 G = Mean time per level.
                   A        B        C        D        E       F      G
               +--------+--------+--------+--------+--------+-----+--------+
         Total |   9401 |   9171 |    230 |    499 |   6756 |  11 |  854.6 |
       Dungeon |   8928 |   8722 |    206 |    491 |   6593 |   8 | 1116.0 |
        Temple |    113 |     89 |     24 |      0 |     78 |   1 |  113.0 |
       Ossuary |    254 |    254 |      0 |      0 |     83 |   1 |  254.0 |
        Bailey |    104 |    104 |      0 |      8 |      2 |   1 |  104.0 |
               +--------+--------+--------+--------+--------+-----+--------+

Top non-repeatable levels by time:
     D:4: 2256 daAuts
     D:1: 1609 daAuts
     D:6: 1192 daAuts
     D:2: 1093 daAuts
     D:7: 1065 daAuts
     D:3: 895 daAuts
     D:5: 743 daAuts
 Ossuary: 254 daAuts
  Temple: 113 daAuts
  Bailey: 104 daAuts
     D:8: 71 daAuts
